 Dungeon Sprint DCSS version 0.17-a0-1831-gaadb308 (webtiles) character file.

685 Kidiri the Covert (level 7, -2/32 HPs)
             Began as a Spriggan Enchanter on Sept 14, 2015.
             Slain by a boulder beetle (34 damage)
             ... in the Dungeon (Sprint II: "The Violet Keep of Menkaure").
             The game lasted 00:02:15 (728 turns).

Kidiri the Covert (Spriggan Enchanter)               Turns: 728, Time: 00:02:15

Health: -2/32      AC:  3    Str:  4    XL:     7   Next: 35%
Magic:  3/20       EV: 27    Int: 17    God:
Gold:   729        SH:  0    Dex: 18    Spells: 5 memorised, 12 levels left

rFire  . . .     SeeInvis +     a - +1 dagger
rCold  . . .     Clarity  .     b - +1 robe
rNeg   . . .     SustAt   .     (shield restricted)
rPois  .         Gourm    .     (helmet restricted)
rElec  .         Spirit   .     (no cloak)
rCorr  .         Warding  .     (gloves unavailable)
rMut   .         NoTele   +     (boots unavailable)
MR     +....                    (no amulet)
Stlth  ++++++....               (no ring)
                                (no ring)

@: very quick, somewhat resistant to hostile enchantments, very stealthy
A: unfitting armour, see invisible, herbivore 3, speed 3, slow metabolism 2
a: no special abilities


You were in the Dungeon.
You were not hungry.

You visited 1 branch You collected 729 gold pieces.

Inventory:

Hand weapons
 a - a +1 dagger (weapon)
Armour
 b - a +1 robe (worn)
Scrolls
 j - a scroll of blinking
Potions
 e - a potion of curing
 f - a potion of heal wounds
 g - a potion of haste
 h - 2 potions of magic
 i - a potion of berserk rage
Books
 c - a book of Maledictions

   Spells                             Type                      Level
   a - Corona                         Hexes                        1
   b - Ensorcelled Hibernation        Hexes/Ice                    2
   c - Confuse                        Hexes                        3
   d - Tukima's Dance                 Hexes                        3
   e - Dazzling Spray                 Conjuration/Hexes            3
Comestibles
 d - a bread ration


   Skills:
 + Level 5.7 Short Blades
 * Level 10.9 Dodging
 * Level 12.2 Stealth
 * Level 9.3 Spellcasting
 + Level 3.0 Conjurations
 + Level 7.1 Hexes
 + Level 3.4 Ice Magic


You had 12 spell levels left.
You knew the following spells:

 Your Spells              Type           Power        Failure   Level  Hunger
a - Corona                Hex            ####...      1%          1    None
b - Ensorcelled Hibernat  Hex/Ice        ####..       1%          2    None
c - Confuse               Hex            ####....     1%          3    None
d - Tukima's Dance        Hex            ####....     1%          3    None
e - Dazzling Spray        Conj/Hex       ####....     4%          3    None


Dungeon Overview and Level Annotations

Branches:
Dungeon (1/1)

Altars:


Innate Abilities, Weirdness & Mutations

You are tiny and cannot use many weapons and most armour.
You have supernaturally acute eyesight.
You are a herbivore.
You cover ground extremely quickly.
You need consume almost no food.


Message History

Confirm with . or Enter, or press ? or * to list all spells.
Aiming: Ensorcelled Hibernation
Press: ? - help, Shift-Dir - straight line, f - boulder beetle
Aim: a boulder beetle (sparse dust, chance to defeat MR: 37%)
The boulder beetle looks drowsy...
There is a staircase leading out of the dungeon, spattered with blood here.
The helpless boulder beetle fails to defend itself.
You skewer the boulder beetle like a kebab!!!
The boulder beetle is almost dead.
Unknown command.
Casting: Ensorcelled Hibernation
Confirm with . or Enter, or press ? or * to list all spells.
Aiming: Dazzling Spray
Press: ? - help, Shift-Dir - straight line, f/p - boulder beetle
Aim: a boulder beetle (almost dead)
The spray of energy hits the boulder beetle.
The boulder beetle is almost dead.
The boulder beetle bites you!!
Ouch! That really hurt!
You die...

## ## ##. .##
.. .. ### $#.
###
##%###†###.#
#.#.##.##.###
+###'.@B'##.+
#.#.##.##...#
##.###'###.##
####.######
#.##%.#
##...## ##+##


You could see a boulder beetle.

Vanquished Creatures
  2 hippogriffs (D)
  4 brain worms (D)
  3 worms (D)
9 creatures vanquished.

Vanquished Creatures (others)
  A boulder beetle (D)
1 creature vanquished.

Grand Total: 10 creatures vanquished

Notes
Turn   | Place    | Note
--------------------------------------------------------------
     0 | D        | Kidiri the Spriggan Enchanter began the quest for the Orb.
     0 | D        | Reached XP level 1. HP: 9/9 MP: 5/5
     1 | D        | Noticed a boulder beetle
     1 | D        | Noticed a boulder beetle
     9 | D        | Noticed a brain worm
    12 | D        | Noticed a hippogriff
    12 | D        | Noticed a hippogriff
    20 | D        | Killed a brain worm
    20 | D        | Reached skill level 6 in Dodging
    20 | D        | Reached skill level 7 in Stealth
    20 | D        | Reached skill level 5 in Spellcasting
    20 | D        | Reached XP level 2. HP: 5/13 MP: 6/9
    20 | D        | Reached XP level 3. HP: 6/16 MP: 6/10
    20 | D        | Reached XP level 4. HP: 7/21 MP: 7/12
    21 | D        | Noticed a brain worm
    27 | D        | Learned a level 2 spell: Ensorcelled Hibernation
    31 | D        | Learned a level 3 spell: Confuse
    35 | D        | Learned a level 3 spell: Tukima's Dance
    39 | D        | Learned a level 3 spell: Dazzling Spray
   226 | D        | Killed a brain worm
   226 | D        | Reached skill level 8 in Stealth
   226 | D        | Reached skill level 1 in Conjurations
   226 | D        | Reached skill level 5 in Hexes
   226 | D        | Reached skill level 1 in Ice Magic
   226 | D        | Reached XP level 5. HP: 24/24 MP: 6/14
   282 | D        | Noticed a brain worm
   282 | D        | Noticed a brain worm
   284 | D        | Killed a brain worm
   284 | D        | Reached skill level 9 in Stealth
   286 | D        | Killed a brain worm
   286 | D        | Reached skill level 10 in Stealth
   286 | D        | Reached XP level 6. HP: 28/28 MP: 14/17
   353 | D        | Killed a hippogriff
   353 | D        | Reached skill level 5 in Short Blades
   353 | D        | Reached skill level 11 in Stealth
   688 | D        | Killed a hippogriff
   688 | D        | Reached skill level 10 in Dodging
   688 | D        | Reached XP level 7. HP: 32/32 MP: 17/20
   721 | D        | Killed a boulder beetle
   721 | D        | Reached skill level 12 in Stealth
   728 | D        | Slain by a boulder beetle

Vault maps used:
D:        the_violet_keep_of_menkaure

Action                   |  1- 3 |  4- 6 |  7- 9 || total
-------------------------+-------+-------+-------++-------
Melee: Dagger            |     3 |    13 |     2 ||    18
 Cast: Ensorcelled Hiber |       |     8 |     5 ||    13
       Confuse           |       |     1 |       ||     1
       Dazzling Spray    |       |       |     3 ||     3
 Stab: Sleeping          |     1 |     7 |     2 ||    10
       Confused          |       |     2 |       ||     2
